 Dungeon Crawl Stone Soup version 0.27-a0-1196-g3e9cee4cb2 (webtiles) character file.

Game seed: 13320663556297215551

184 bisexualwizard the Chopper (level 5, -15/45 HPs)
             Began as a Hill Orc Abyssal Knight on May 30, 2021.
             Was a Believer of Lugonu.
             Demolished by an orc warrior
             ... wielding a +0 war axe
              (18 damage)
             ... on level 2 of the Dungeon.
             The game lasted 00:08:35 (3492 turns).

bisexualwizard the Chopper (HOAK)                   Turns: 3492, Time: 00:08:36

Health: -15/45     AC:  3    Str: 16    XL:     5   Next: 63%
Magic:  6/7        EV: 15    Int: 12    God:    Lugonu [**....]
Gold:   188        SH:  0    Dex: 10    Spells: 4/4 levels left

rFire    . . .     SeeInvis .   o - +0 war axe
rCold    . . .     Faith    .   (no shield)
rNeg     . . .     Spirit   .   b - +0 leather armour
rPois    .         Reflect  .   (no helmet)
rElec    .         Harm     .   (no cloak)
rCorr    .         Rampage  .   (no gloves)
Will     .....                  (no boots)
Stlth    +.........             (no amulet)
HPRegen  0.15/turn              e - +4 ring of evasion
MPRegen  0.10/turn              (no ring)

@: studying Invocations
A: no striking features
a: Renounce Religion, Depart the Abyss, Bend Space


You were on level 2 of the Dungeon.
You worshipped Lugonu.
Lugonu was pleased with you.
You visited 1 branch of the dungeon, and saw 4 of its levels.
You visited the Abyss 1 time.

You collected 188 gold pieces.

Inventory:

Hand Weapons
 a - a +1 hand axe
 o - a +0 war axe (weapon)
Armour
 b - a +0 leather armour (worn)
 i - a +0 ring mail
Jewellery
 e - a +4 ring of evasion (left hand)
Wands
 n - a wand of charming (7)
Scrolls
 c - 2 scrolls of teleportation
 d - a scroll of holy word {unknown}
 h - a scroll of identify {unknown}
 j - a scroll of brand weapon {unknown}
 k - a scroll of torment {unknown}
 m - a scroll of noise {unknown}
Potions
 l - a potion of might {unknown}
 p - a potion of brilliance


   Skills:
 - Level 3.6 Fighting
 * Level 7.2 Axes
 - Level 2.1 Armour
 - Level 0.7 Dodging
 + Level 0.4 Stealth
 * Level 3.2 Invocations


You had 4 spell levels left.
You didn't know any spells.
Your spell library contained the following spells:

 Spells                   Type           Power      Damage    Failure   Level
 Summon Small Mammal      Summ           0%         N/A       38%         1
 Call Imp                 Summ           0%         N/A       52%         2
 Call Canine Familiar     Summ           0%         N/A       77%         3
 Summon Guardian Golem    Hex/Summ       0%         N/A       77%         3
 Summon Ice Beast         Ice/Summ       0%         N/A       99%         4
 Summon Lightning Spire   Summ/Air       0%         N/A       99%         4


Dungeon Overview and Level Annotations

Branches:
Dungeon (4/15)
 Temple: D:4-7

Altars:
Nemelex Xobeh


Message History

You destroy the phantom!
Lugonu accepts your kill.
Your Axes skill increases to level 7!
Your Invocations skill increases to level 3!
You have reached level 5!
You feel stronger.
HP restored.
There is a stone staircase leading down here.
Things that are here:
a +0 dagger; a kobold skeleton Done exploring.
(D) Dungeon
Where to? (Enter - D:4, ? - help)
There is a stone staircase leading down here.
You climb downwards.
The orc warrior barely misses you.
There is a stone staircase leading up here.
There are monsters nearby!
The orc warrior completely misses you. The dart slug launches a dart at you.
The slug dart misses you.
You climb upwards.
There is a stone staircase leading down here.
You closely miss the orc warrior.
The orc warrior hits you with a +0 war axe.
The orc warrior hits you with a +0 war axe!!
You barely miss the orc warrior. The orc warrior closely misses you.
You feel a little less clever now. Space bends around you!
You blink.
Okay, then.
The orc warrior misses you.
You barely miss the orc warrior. The orc warrior barely misses you.
You closely miss the orc warrior. The orc warrior misses you.
You completely miss the orc warrior.
The orc warrior hits you with a +0 war axe!!
* * * LOW HITPOINT WARNING * * *
Space bends around you!
You blink.
Space bends around you!
You blink.
You fail to use your ability.
The orc warrior hits you with a +0 war axe!!
You die...

#.# #.# #......# #... #.# #.#
#......# #.#. #.# #.#
################'## #.#.
#.###.####...........####)# #.#.
#>.......+...........+....# #.#.
.).......#.....[.....####.# #.#.
.........#...........####'####.#.
.........#...........#.........#.
#+######.......o@....#.....####..
#.# ##......#.....+...........
#.# #.##.#.#'#####......###..
#.#######....#..............###..
#.........#..#..)............##..
#########.####...).........#.####
#..........................#..###
#)#######'#####............##....
#.######.....#_#+#####.....##....


You could see an orc warrior.

Vanquished Creatures
  A phantom (D:2)
  A hound skeleton (D:2)
  2 adders (D:3)
  2 worms
  3 dart slugs
  An orc (D:3)
  10 ball pythons
  2 bats
  5 endoplasms
  6 goblins
  7 hobgoblins
  4 jackals (D:1)
  3 quokkas
  4 frilled lizards
  7 kobolds
  8 rats
66 creatures vanquished.

Notes
Turn   | Place    | Note
-------+----------+-------------------------------------------
     0 | Abyss:1  | bisexualwizard the Hill Orc Abyssal Knight began the quest
                  | for the Orb.
     0 | Abyss:1  | Reached XP level 1. HP: 19/19 MP: 2/2
    13 | D:1      | Escaped the Abyss
    35 | D:1      | Reached skill level 3 in Axes
   127 | D:1      | Reached XP level 2. HP: 26/26 MP: 3/3
   225 | D:1      | You fall into a shaft and drop 1 floor!
   337 | D:1      | Reached skill level 4 in Axes
   351 | D:1      | Reached ** piety under Lugonu
   587 | D:1      | Reached XP level 3. HP: 28/31 MP: 5/5
  1129 | D:2      | Found a faded altar of an unknown god.
  1216 | D:2      | Reached skill level 5 in Axes
  1248 | D:2      | Reached XP level 4. HP: 35/39 MP: 6/6
  1908 | D:3      | Found a sparkling altar of Nemelex Xobeh.
  2082 | D:3      | Reached skill level 6 in Axes
  2094 | D:3      | Identified a scroll of acquirement
  2094 | D:3      | Acquired a manual of Invocations
  2263 | D:3      | Noticed a phantom
  3344 | D:4      | Noticed an orc warrior
  3413 | D:2      | Killed a phantom
  3414 | D:2      | Reached skill level 7 in Axes
  3414 | D:2      | Reached XP level 5. HP: 39/45 MP: 7/7
  3492 | D:2      | Demolished by an orc warrior

Illustrated notes

Levels and vault maps discovered:
D:1:      dpeg_arrival_court, layout_basic
D:2:      layout_basic, ebering_ecumenical_altar_rust
D:3:      layout_basic, nemelex_xobeh_ov_fountains_minmay, nrook_loot_triangle,
          minmay_misc_feat_square
D:4:      layout_basic, amcnicky_altar_gilded, corexii_checkpoint_a

Skill      XL: |  1  2  3  4 |
---------------+-------------+-----
Axes           | 3 4 5 7 |  7.2
Invocations    | 3 |  3.2
Fighting       | |  3.6
Armour         | |  2.1
Dodging        | |  0.7
Stealth        | |  0.4

Action                   |  1- 3 |  4- 6 || total
-------------------------+-------+-------++-------
Melee: Hand axe          |    95 |    67 ||   162
       War axe           |       |    51 ||    51
Invok: Bend Space        |       |     8 ||     8
  Use: Scroll            |       |     3 ||     3
       Potion            |       |     3 ||     3
Armor: Leather armour    |    20 |    23 ||    43
       Ring mail         |       |     5 ||     5
Dodge: Dodged            |    60 |   113 ||   173

Table legend: (Time is in decaauts)
 A = Elapsed time spent in this place.
 B = Non-inter-level travel time spent in this place.
 C = Inter-level travel time spent in this place.
 D = Time resting spent in this place.
 E = Time spent auto-exploring this place.
 F = Levels seen in this place.
 G = Mean time per level.
                   A        B        C        D        E       F      G
               +--------+--------+--------+--------+--------+-----+--------+
         Total |   3513 |   3451 |     62 |    529 |   2277 |   5 |  702.6 |
       Dungeon |   3500 |   3438 |     62 |    529 |   2277 |   4 |  875.0 |
         Abyss |     13 |     13 |      0 |      0 |      0 |   1 |   13.0 |
               +--------+--------+--------+--------+--------+-----+--------+

Top non-repeatable levels by time:
     D:3: 1356 daAuts
     D:2: 1101 daAuts
     D:1: 1035 daAuts
 Abyss:1: 13 daAuts
     D:4: 7 daAuts
